 Dungeon Crawl Stone Soup version 0.22.1-2-g9c5b331 (webtiles) character file.

3803 MalarOregon the Spear-Bearer (level 10, -7/73 HPs)
             Began as a Merfolk Ice Elementalist on Nov 19, 2018.
             Was a Believer of Nemelex Xobeh.
             Mangled by a two-headed ogre
             ... wielding a +0 giant spiked club
              (29 damage)
             ... on level 8 of the Dungeon.
             The game lasted 00:24:19 (10095 turns).

MalarOregon the Spear-Bearer (MfIE)                Turns: 10095, Time: 00:24:20

Health: -7/73      AC:  7    Str: 13    XL:     10   Next: 17%
Magic:  25/25      EV: 14    Int: 18    God:    Nemelex Xobeh [**....]
Gold:   254        SH:  8    Dex: 15    Spells: 5/17 levels left

rFire    . . .     SeeInvis .   x - +1 trident (venom)
rCold    . . .     Gourm    .   y - +0 shield
rNeg     . . .     Faith    .   I - +0 steam dragon scales
rPois    .         Spirit   .   u - +0 helmet
rElec    .         Reflect  .   E - +0 cloak
rCorr    .         Harm     .   (no gloves)
MR       .....                  (no boots)
Stlth    +++.......             (no amulet)
HPRegen  0.22/turn              m - +5 ring of strength
MPRegen  0.19/turn              j - ring of magical power

@: no status effects
A: change form in water, swift swim, stealthy swim
a: Renounce Religion


You were on level 8 of the Dungeon.
You worshipped Nemelex Xobeh.
Nemelex Xobeh was pleased with you.
You were not hungry.

You visited 2 branches of the dungeon, and saw 9 of its levels.

You collected 449 gold pieces.
You spent 195 gold pieces at shops.

Inventory:

Hand Weapons
 x - a +1 trident of venom (weapon)
   (You took it off an orc warrior on level 8 of the Dungeon)
Missiles
 c - 38 poisoned needles
 r - 5 needles of confusion
 s - 82 arrows
 v - 2 tomahawks of dispersal (quivered) {!f}
Armour
 u - a +0 helmet (worn)
   (You took it off Robin on level 3 of the Dungeon)
 y - a +0 shield (worn)
   (You found it on level 4 of the Dungeon)
 E - a +0 cloak (worn)
   (You took it off Crazy Yiuf on level 5 of the Dungeon)
 I - +0 steam dragon scales (worn)
   (You found it on level 6 of the Dungeon)
Jewellery
 j - a ring of magical power (right hand)
   (You found it on level 3 of the Dungeon)
 m - a +5 ring of strength (left hand)
   (You found it on level 2 of the Dungeon)
 o - an uncursed ring of protection from cold
   (You found it on level 5 of the Dungeon)
Wands
 t - a wand of flame (14)
   (You took it off a crimson imp on level 6 of the Dungeon)
 D - a wand of polymorph (10)
   (You took it off Ijyb on level 5 of the Dungeon)
Scrolls
 h - 2 scrolls of amnesia {unknown}
 i - 4 scrolls of remove curse {@r2}
 l - 6 scrolls of teleportation {@r4}
 n - 3 scrolls of noise {!r}
 q - 4 scrolls of immolation {unknown}
 w - 2 scrolls of fog {unknown}
 A - 4 scrolls of identify {@r1}
 B - 2 scrolls of fear
 C - 2 scrolls of enchant armour {unknown}
Potions
 b - 3 potions of agility
 d - 4 potions of curing {@q1}
 g - a potion of lignification {!q}
 k - 3 potions of might
 p - 2 potions of mutation {!q}
 z - a potion of cancellation
 G - a potion of ambrosia
 J - 2 potions of invisibility
 K - a potion of haste {@q3}
Miscellaneous
 F - a legendary deck of escape
   (Nemelex Xobeh gifted it to you on level 6 of the Dungeon)
 H - a plain deck of escape
   (Nemelex Xobeh gifted it to you on level 6 of the Dungeon)
 L - a plain deck of summoning
   (Nemelex Xobeh gifted it to you on level 6 of the Dungeon)
Comestibles
 a - 2 chunks of flesh
 e - 16 rations {!d}


   Skills:
 + Level 4.7 Fighting
 * Level 9.0 Polearms
 + Level 6.5 Dodging
 + Level 5.9 Stealth
 + Level 2.6 Shields
 + Level 4.2 Spellcasting
 + Level 3.3 Conjurations
 + Level 3.0 Charms
 + Level 2.9 Summonings
 + Level 6.3 Ice Magic
 + Level 2.3 Invocations
 + Level 2.4 Evocations


You had 5 spell levels left.
You knew the following spells:

 Your Spells              Type           Power        Failure   Level  Hunger
a - Freeze                Ice            ####         5%          1    None
b - Ozocubu's Armour      Chrm/Ice       ###.....     30%         3    ###....
d - Summon Ice Beast      Ice/Summ       ###.....     71%         4    ####...
s - Sticks to Snakes      Tmut           #.......     73%         2    ##.....
x - Throw Frost           Conj/Ice       ###...       14%         2    ##.....

Your spell library contained the following spells:

 Spells                   Type           Power        Failure   Level  Hunger
 Beastly Appendage        Tmut           #.....       58%         1    None
 Throw Icicle             Conj/Ice       ###.....     67%         4    ####...
 Recall                   Summ/Tloc      N/A          75%         3    ###....
 Ice Form                 Ice/Tmut       ###.....     89%         4    ####...
 Spider Form              Tmut/Pois      #.........   91%         3    ###....
 Aura of Abjuration       Summ           ##........   99%         5    ######.
 Summon Demon             Summ           ##........   99%         5    ######.
 Blade Hands              Tmut           #.........   100%        5    ######.
 Summon Forest            Summ/Tloc      #.........   100%        5    ######.
 Summon Mana Viper        Hex/Summ       #.......     100%        5    ######.
 Shadow Creatures         Summ           N/A          100%        6    #######


Dungeon Overview and Level Annotations

Branches:
Dungeon (8/15)             Temple (1/1) D:6
   Lair: D:8-11

Altars:
Ashenzari
Cheibriados
Dithmenos
Elyvilon
Fedhas
Gozag
Kikubaaqudgha
Makhleb
Nemelex Xobeh
Okawaru
Qazlal
Ru
Sif Muna
Trog
Uskayaw
Vehumet
Wu Jian
Xom
Yredelemnul
Zin
The Shining One

Shops:
D:4 (?:%}   D:7 :[


Message History

You now have 254 gold pieces (gained 17).
You butcher the bullfrog corpse.
a - 3 chunks of flesh You see here a bullfrog skeleton. x2
Eating one of 3 chunks of flesh.
You eat one of the 3 chunks of flesh.
Found a leather armour.
Found an escape hatch in the floor.
You see here a leather armour.
Found a stone staircase leading down.
You open the door.
A two-headed ogre comes into view.
It is wielding a giant spiked club and a
Found a scroll of remove curse.
A two-headed ogre is nearby!
A two-headed ogre is nearby!
A two-headed ogre is nearby!
There is an open door here.
You see here a scroll of remove curse {@r2}.
Attack whom?
Aim: a two-headed ogre, wielding a giant spiked club and a giant club (resting)
You reach to attack!
The helpless two-headed ogre fails to defend itself.
You hit the two-headed ogre. You puncture the two-headed ogre!
The two-headed ogre looks as sick as possible!
The two-headed ogre hits you with a giant spiked club!
The two-headed ogre hits you with a giant club!!
* * * LOW HITPOINT WARNING * * *
There is an open door here.
The two-headed ogre looks more healthy.
Attack whom?
Aim: a two-headed ogre, wielding a giant spiked club and a giant club (heavily You reach to attack!
You hit the two-headed ogre. The two-headed ogre closely misses you.
The two-headed ogre hits you with a giant club!
* * * LOW HITPOINT WARNING * * *
Things that are here:
a dagger of venom; a robe Attack whom?
Aim: a two-headed ogre, wielding a giant spiked club and a giant club (heavily You reach to attack!
You puncture the two-headed ogre!
Items here: ))) [[ a +3 spear of venom; a flail; a plate armour; a dagger of distortion {!w} a robe Your shield prevents you from hitting the two-headed ogre.
The two-headed ogre barely misses you. x2
You puncture the two-headed ogre!
The two-headed ogre is poisoned.
The two-headed ogre hits you with a giant spiked club!
* * * LOW HITPOINT WARNING * * *
The two-headed ogre hits you with a giant club!!
You die...
Your body glows slightly and disappears.

##.## ####.###......# #.##..# #.#
#.# #.###..# #.##..# #.# #.#
#...#..# #.....# ##'##
#.###.#.#..# #.##..# ##...##
#..........# #.##..# ##.....##
#######.#### #.##..### #.......##
##.###.# #.......#
.........####...##.######.#...#.#
.........'......@O.))............
.........####...##.######.#...#.#
........## ##.###.# #.......#
##.....## ### #.# ####.####
##.>.## ##.# #.# ##'## #..# #.#
#.# #.## #.# #.###### #.# #.####
##......# #.# #.##..


You could see a two-headed ogre.

Vanquished Creatures
  Psyche (D:8)
  Grinder (D:3)
  2 hippogriffs
  Sigmund (D:3)
  2 steam dragons (D:6)
  A hungry ghost (D:8)
  Edmund (D:4)
  An ice beast (D:5)
  3 orc warriors
  A phantom (D:5)
  A centaur (D:6)
  5 ogres
  2 bullfrogs
  A wyvern zombie (D:7)
  2 howler monkeys
  3 crimson imps
  2 hounds (D:8)
  3 orc priests
  4 orc wizards
  Crazy Yiuf (D:5)
  3 iguanas
  Jessica (D:2)
  Ijyb (D:5)
  Natasha (thrice) (D:4)
  Terence (D:2)
  6 worker ants
  2 hound skeletons
  Robin (D:3)
  A howler monkey skeleton (D:4)
  6 adders
  A shadow imp (D:3)
  An ooze (D:5)
  2 adder skeletons
  4 worms
  A dart slug (D:1)
  A leopard gecko (D:1)
  13 orcs
  A giant cockroach (D:3)
  18 goblins
  7 hobgoblins
  13 jackals
  A quokka (D:6)
  A ball python (D:4)
  7 bats
  5 frilled lizards
  7 kobolds
  2 leopard gecko skeletons
  A leopard gecko zombie (D:7)
  A quokka skeleton (D:4)
  6 rats
156 creatures vanquished.

Vanquished Creatures (collateral kills)
  Eustachio (D:5)
  A hound (D:5)
2 creatures vanquished.

Grand Total: 158 creatures vanquished

Notes
Turn   | Place    | Note
-------+----------+-------------------------------------------
     0 | D:1      | MalarOregon the Merfolk Ice Elementalist began the quest
                  | for the Orb.
     0 | D:1      | Reached XP level 1. HP: 13/13 MP: 3/3
   217 | D:1      | Reached XP level 2. HP: 16/20 MP: 5/5
   221 | D:1      | Learned a level 2 spell: Throw Frost
  1180 | D:1      | Reached skill level 1 in Polearms
  1180 | D:1      | Reached XP level 3. HP: 25/25 MP: 1/6
  1623 | D:2      | Noticed Jessica
  1625 | D:2      | Killed Jessica
  1625 | D:2      | Reached skill level 1 in Fighting
  1625 | D:2      | Reached skill level 1 in Conjurations
  1625 | D:2      | Reached XP level 4. HP: 32/32 MP: 5/7
  1649 | D:2      | Noticed Terence
  1656 | D:2      | Killed Terence
  1656 | D:2      | Reached skill level 2 in Polearms
  2300 | D:3      | Noticed Sigmund
  2773 | D:3      | Noticed an ogre
  2781 | D:3      | Killed an ogre
  2781 | D:3      | Reached XP level 5. HP: 35/38 MP: 0/8
  2794 | D:3      | Learned a level 3 spell: Ozocubu's Armour
  2897 | D:3      | Reached skill level 3 in Polearms
  2931 | D:3      | You fall through a shaft for 2 floors!
  2931 | D:5      | Entered Level 5 of the Dungeon
  2941 | D:4      | Found Hashreti's Gadget Boutique.
  3349 | D:3      | Noticed Robin
  3378 | D:3      | Killed Robin
  3378 | D:3      | Reached XP level 6. HP: 17/44 MP: 0/9
  3781 | D:3      | Noticed Grinder
  3782 | D:3      | Paralysed by Grinder for 6 turns
  3806 | D:3      | Killed Grinder
  3806 | D:3      | Reached skill level 4 in Polearms
  3806 | D:3      | Reached XP level 7. HP: 23/50 MP: 8/11
  4124 | D:3      | Killed Sigmund
  4124 | D:3      | Reached skill level 5 in Ice Magic
  4264 | D:4      | Found a sacrificial altar of Ru.
  4327 | D:4      | Noticed Natasha
  4332 | D:4      | Killed Natasha
  4341 | D:4      | Reached skill level 5 in Polearms
  4351 | D:4      | Noticed Edmund
  4362 | D:4      | Killed Edmund
  4390 | D:4      | Reached skill level 5 in Dodging
  4402 | D:4      | Reached XP level 8. HP: 46/58 MP: 12/12
  4433 | D:4      | Learned a level 4 spell: Summon Ice Beast
  4514 | D:4      | Found Anuah's Book Shoppe.
  4537 | D:4      | Found Wuholl's Food Boutique.
  4559 | D:4      | Noticed Natasha
  4570 | D:4      | Killed Natasha
  4579 | D:4      | Found Bawi's Weapon Shoppe.
  4596 | D:4      | Found Joocolur's Magic Scroll Emporium.
  4598 | D:4      | Noticed a hippogriff
  4608 | D:4      | HP: 1/58 [hippogriff (3)]
  4614 | D:4      | Killed a hippogriff
  4614 | D:4      | Reached skill level 6 in Polearms
  4834 | D:4      | Noticed Natasha
  4842 | D:4      | Killed Natasha
  4858 | D:4      | Bought a scroll of teleportation for 30 gold pieces
  4858 | D:4      | Bought a scroll of identify for 20 gold pieces
  4858 | D:4      | Bought a scroll of identify for 20 gold pieces
  4858 | D:4      | Bought a scroll of identify for 20 gold pieces
  4858 | D:4      | Bought a scroll of identify for 20 gold pieces
  4858 | D:4      | Bought a scroll of identify for 20 gold pieces
  4858 | D:4      | Bought a scroll of identify for 20 gold pieces
  4858 | D:4      | Bought a scroll of fear for 35 gold pieces
  4858 | D:4      | Bought a scroll of noise for 10 gold pieces
  5219 | D:5      | Reached skill level 1 in Charms
  5219 | D:5      | Reached skill level 1 in Summonings
  5437 | D:5      | Noticed Eustachio
  5456 | D:5      | Noticed Ijyb
  5458 | D:5      | Killed Eustachio
  5475 | D:5      | Killed Ijyb
  5487 | D:5      | Reached skill level 1 in Shields
  6094 | D:5      | Found a runed door.
  6391 | D:5      | Noticed Crazy Yiuf
  6401 | D:5      | Killed Crazy Yiuf
  6401 | D:5      | Reached skill level 7 in Polearms
  6601 | D:6      | Found a staircase to the Ecumenical Temple.
  6616 | Temple   | Entered the Ecumenical Temple
  6620 | Temple   | Learned a level 2 spell: Sticks to Snakes
  6715 | Temple   | Became a worshipper of Nemelex Xobeh the Trickster
  6729 | D:6      | Received a gift from Nemelex Xobeh
  7090 | D:6      | Reached XP level 9. HP: 39/65 MP: 14/14
  7288 | D:6      | Reached skill level 5 in Stealth
  7296 | D:6      | Reached skill level 1 in Invocations
  7690 | D:6      | Reached * piety under Nemelex Xobeh
  7690 | D:6      | Received a gift from Nemelex Xobeh
  7811 | D:6      | Reached skill level 1 in Evocations
  7832 | D:6      | Received a gift from Nemelex Xobeh
  8128 | D:6      | Reached skill level 8 in Polearms
  8553 | D:7      | Found Xuaw Mui's Armour Emporium.
  8629 | D:7      | Found Tavumyr's Book Shoppe.
  9426 | D:8      | Noticed Psyche
  9445 | D:8      | Killed Psyche
  9445 | D:8      | Reached XP level 10. HP: 43/73 MP: 16/16
  9457 | D:8      | HP: 3/73 [poisoned by an orc warrior]
  9468 | D:8      | Reached skill level 9 in Polearms
  9945 | D:8      | Reached ** piety under Nemelex Xobeh
 10048 | D:8      | Noticed a two-headed ogre
 10095 | D:8      | Mangled by a two-headed ogre

Skill      XL: |  1  2  3  4  5  6  7  8  9 10 |
---------------+-------------------------------+-----
Dodging        | 3 4 5 6 |  6.5
Polearms       | 1 2 3 4 5 7 8 9 |  9.0
Fighting       | 1 2 3 4 |  4.7
Conjurations   | 1 2 3 |  3.3
Ice Magic      | 4 5 6 |  6.3
Stealth        | 3 4 5 |  5.9
Spellcasting   | 3 4 |  4.2
Charms         | 1 3 |  3.0
Summonings     | 1 2 |  2.9
Shields        | 1 2 |  2.6
Invocations    | 2 |  2.3
Evocations     | 2 |  2.4

Action                   |  1- 3 |  4- 6 |  7- 9 | 10-12 || total
-------------------------+-------+-------+-------+-------++-------
Melee: Short sword       |     7 |       |       |       ||     7
       Spear             |    40 |   115 |   376 |    17 ||   548
       Unarmed           |       |       |    10 |       ||    10
       Trident           |       |       |       |    16 ||    16
 Cast: Freeze            |    22 |    39 |    20 |       ||    81
       Throw Frost       |     2 |     5 |     1 |       ||     8
       Summon Ice Beast  |       |       |     3 |       ||     3
       Ozocubu's Armour  |       |       |     3 |       ||     3
       Sticks to Snakes  |       |       |     2 |       ||     2
Evoke: Wand              |       |       |       |     1 ||     1
  Use: Potion            |       |     2 |     2 |     3 ||     7
       Scroll            |       |       |     8 |     3 ||    11
 Stab: Sleeping          |     6 |     9 |    15 |     2 ||    32
       Distracted        |       |       |     1 |       ||     1
  Eat: Chunk             |     3 |     7 |    19 |     1 ||    30
       Ration            |       |       |       |     1 ||     1
Armor: Robe              |    13 |     6 |    18 |       ||    37
       Leather armour    |       |       |    10 |       ||    10
       Steam dragon scal |       |       |    35 |     4 ||    39
Dodge: Dodged            |    47 |    55 |   147 |    13 ||   262
Block: Shield            |       |       |    54 |     3 ||    57
